 Dungeon Crawl Stone Soup version 0.18.1-48-g4cf74bf (webtiles) character file.

6875 atgrul the Destroyer (level 10, -2/88 (90) HPs)
             Began as a Yellow Draconian Conjurer on Aug 4, 2016.
             Was a Priest of Vehumet.
             Slain by a troll (8 damage)
             ... on level 11 of the Dungeon.
             The game lasted 01:15:59 (15902 turns).

atgrul the Destroyer (Yellow Draconian Conjurer)   Turns: 15902, Time: 01:16:01

HP:   -2/88 (90)    AC:  8    Str: 12    XL:     10   Next: 78%
MP:   0/18          EV: 11    Int: 18    God:    Vehumet [***...]
Gold: 592           SH:  0    Dex: 11    Spells: 4 memorised, 7 levels left

rFire  . . .     SeeInvis .     z - +4 falchion (drain)
rCold  . . .     Gourm    .     (armour unavailable)
rNeg   . . .     Faith    .     (no shield)
rPois  .         Spirit   +     (helmet restricted)
rElec  .         Dismiss  .     g - +0 cloak
rCorr  +         Reflect  .     (no gloves)
SustAt .         Harm     .     (no boots)
MR     +....                    f - amulet of guardian spirit
Stlth  +.........               F - ring of wizardry
                                h - ring of protection from magic

@: heavily drained, somewhat resistant to hostile enchantments, very unstealthy
A: spit acid, acid resistance, unfitting armour, cold-blooded, AC +7
a: Spit Acid, Renounce Religion


You were on level 11 of the Dungeon.
You worshipped Vehumet.
Vehumet was most pleased with you.
You were not hungry.

You visited 1 branch of the dungeon, and saw 12 of its levels.

You collected 592 gold pieces.

Inventory:

Hand Weapons
 e - a +0 club
 z - a +4 falchion of draining (weapon)
Armour
 g - a +0 cloak (worn)
 p - a +2 shield
Jewellery
 f - an amulet of guardian spirit (around neck)
 h - a ring of protection from magic (left hand)
 i - an uncursed ring of protection from magic
 F - a ring of wizardry (right hand)
Wands
 v - a wand of random effects (17/48)
 G - a wand of flame (25/48)
 H - a wand of slowing (43/48)
 O - a wand of flame (32/48)
Scrolls
 c - 6 scrolls of remove curse
 k - 4 scrolls of recharging
 l - a scroll of immolation
 m - 3 scrolls of teleportation
 n - a scroll of magic mapping {unknown}
 o - a scroll of fog
 r - a scroll of enchant armour {unknown}
 s - 2 scrolls of noise
 y - a scroll of random uselessness {unknown}
 D - 2 scrolls of amnesia {unknown}
 L - a scroll of brand weapon {unknown}
Potions
 d - 2 potions of cure mutation
 j - 2 potions of degeneration {unknown}
 q - 2 potions of brilliance
 t - a potion of might
 u - a potion of mutation {unknown}
 A - a potion of lignification {unknown}
 B - a potion of berserk rage {unknown}
 E - a potion of ambrosia {unknown}
 J - a potion of haste
 M - a potion of magic {unknown}
 N - a potion of curing
Books
 a - a book of Conjurations

   Spells                             Type                      Level
   a - Magic Dart                     Conjuration                  1
   b - Searing Ray                    Conjuration                  2
   c - Dazzling Spray                 Conjuration/Hexes            3
   d - Fulminant Prism                Conjuration/Hexes            4
   e - Iskenderun's Mystic Blast      Conjuration                  4
   f - Iskenderun's Battlesphere      Conjuration/Charms           5
 I - a book of the Tempests

   Spells                             Type                      Level
   a - Static Discharge               Conjuration/Air              3
   b - Lightning Bolt                 Conjuration/Air              5
   c - Fireball                       Conjuration/Fire             5
   d - Tornado                        Air                          9
   e - Shatter                        Earth                        9
Comestibles
 b - 3 meat rations
 w - 17 fruits
 x - 2 bread rations
 C - a beef jerky
 K - a slice of pizza


   Skills:
 + Level 8.7(6.8) Fighting
 - Level 0.2(0.0) Maces & Flails
 - Level 1.7(0.2) Dodging
 - Level 1.7(0.2) Stealth
 - Level 5.9(4.1) Spellcasting
 - Level 10.0(8.1) Conjurations
 * Level 8.7(6.9) Charms


You had 7 spell levels left.
You knew the following spells:

 Your Spells              Type           Power        Failure   Level  Hunger
a - Magic Dart            Conj           ####         1%          1    None
b - Iskenderun's Mystic   Conj           ####....     1%          4    ####...
c - Iskenderun's Battles  Conj/Chrm      ####....     2%          5    ######.
d - Mephitic Cloud        Conj/Pois/Air  ##......     2%          3    ###....


Dungeon Overview and Level Annotations

Branches:
Dungeon (12/15)            Temple (0/1) D:5
   Lair: D:8-11         Orc: D:9-12

Altars:
Ashenzari
Cheibriados
Dithmenos
Elyvilon
Makhleb
Pakellas
Ru
Vehumet
The Shining One

Shops:
D:8 [


Innate Abilities, Weirdness & Mutations

You can spit globs of acid.
You are resistant to acid.
Your golden yellow scales are hard (AC +7).
Your body does not fit into most forms of armour.
You are cold-blooded and may be slowed by cold attacks.


Message History

Aiming: Magic Dart
Press: ? - help, Shift-Dir - straight line, f/p - troll
Aim: a troll (magical condensation, severely wounded)
The magic dart hits the troll.
The troll is severely wounded.
The troll bites you!! The troll claws you but does no damage.
The troll claws you!
You hit the troll.
The troll is almost dead.
The troll bites you! The troll claws you!
* * * LOW HITPOINT WARNING * * *
The troll claws you but does no damage.
You hit the troll.
Your tail-slap misses the troll.
The troll is almost dead.
The troll bites you!
* * * LOW HITPOINT WARNING * * *
The troll claws you.
* * * LOW HITPOINT WARNING * * *
The troll claws you but does no damage. The troll bites you!
You die...

... ... #.# #.# #.# ##
## #.##.##
##...#########.#...###
............T@........
##.....#######.#...###
#..... #.# )## #.....
#.# # #..... #.#
#..... #.# .....?. #.#
##.#### ##.## ##
##...## ..


You could see a troll.

Vanquished Creatures
  2 trolls
  Grinder (D:3)
  7 yaks
  Eustachio (D:4)
  A hippogriff (D:7)
  Edmund (D:4)
  Duvessa (D:4)
  2 sky beasts
  5 black bears
  2 orc warriors
  A phantom (D:5)
  An eye of draining (D:9)
  7 ogres
  4 necrophages
  A big kobold (D:9)
  6 giant frogs
  A gnoll sergeant (D:7)
  Dowan (D:4)
  A scorpion (D:8)
  5 killer bees (D:8)
  A wight (D:11)
  A howler monkey (D:9)
  3 crimson imps
  5 jellies
  3 hounds
  A quasit (D:5)
  3 giant frog skeletons
  2 gnoll shamans
  3 orc priests
  2 centaur skeletons
  Ijyb (D:2)
  4 iguanas
  10 worker ants
  15 orc wizards
  2 killer bee zombies
  3 hound skeletons
  10 gnolls
  2 howler monkey skeletons
  9 adders
  4 oozes
  An adder zombie (D:5)
  5 worms
  6 dart slugs
  5 giant geckos
  39 orcs
  6 bats
  5 giant cockroaches
  5 goblins
  6 hobgoblins
  11 jackals
  4 quokkas
  3 ball pythons
  A giant gecko zombie (D:5)
  7 giant newts
  8 kobolds
  A quokka zombie (D:5)
  5 rats
253 creatures vanquished.

Notes
Turn   | Place    | Note
--------------------------------------------------------------
     0 | D:1      | atgrul the Draconian Conjurer began the quest for the Orb.
     0 | D:1      | Reached XP level 1. HP: 14/14 MP: 3/3
   241 | D:1      | Reached XP level 2. HP: 19/20 MP: 1/5
   693 | D:2      | Reached XP level 3. HP: 23/27 MP: 1/6
   967 | D:2      | Reached skill level 5 in Conjurations
  1208 | D:2      | Reached skill level 1 in Fighting
  1232 | D:2      | Noticed Ijyb
  1529 | D:2      | Found a burning altar of Makhleb.
  1530 | D:2      | Found a shadowy altar of Dithmenos.
  1581 | D:2      | Reached XP level 4. HP: 24/35 MP: 1/7
  1835 | D:2      | Killed Ijyb
  2190 | D:3      | Reached XP level 5. HP: 25/40 MP: 0/8
  2275 | D:3      | Noticed Grinder
  2276 | D:3      | Paralysed by Grinder for 7 turns
  2467 | D:3      | Found a radiant altar of Vehumet.
  2510 | D:3      | Reached skill level 6 in Conjurations
  2963 | D:3      | Found a glowing golden altar of the Shining One.
  3123 | D:3      | Found a sacrificial altar of Ru.
  3437 | D:3      | Reached XP level 6. HP: 25/50 MP: 2/10
  3701 | D:4      | Learned a level 4 spell: Iskenderun's Mystic Blast
  4225 | D:4      | Noticed Duvessa
  4290 | D:4      | Noticed Edmund
  4508 | D:3      | Paralysed by Grinder for 4 turns
  4528 | D:3      | Paralysed by Grinder for 2 turns
  4831 | D:3      | Paralysed by Grinder for 7 turns
  5037 | D:4      | Noticed Dowan
  5101 | D:4      | Reached skill level 7 in Conjurations
  5101 | D:4      | Your scales start taking on a golden yellow colour.
  5101 | D:4      | Reached XP level 7. HP: 34/57 MP: 0/12
  5344 | D:4      | Killed Edmund
  6031 | D:4      | Killed Duvessa
  6031 | D:4      | Reached skill level 8 in Conjurations
  6043 | D:4      | Killed Dowan
  6313 | D:5      | Entered Level 5 of the Dungeon
  6335 | D:5      | Reached XP level 8. HP: 66/66 MP: 6/13
  6403 | D:4      | Noticed Eustachio
  6414 | D:4      | Killed Eustachio
  6607 | D:3      | Became a worshipper of Vehumet
  6783 | D:3      | Paralysed by Grinder for 4 turns
  6800 | D:3      | Killed Grinder
  6800 | D:3      | Reached skill level 9 in Conjurations
  7033 | D:5      | Learned a level 5 spell: Iskenderun's Battlesphere
  7328 | D:5      | Found a staircase to the Ecumenical Temple.
  7377 | D:5      | Found an oddly glowing altar of Pakellas.
  7451 | D:5      | Reached skill level 5 in Fighting
  7451 | D:5      | Reached skill level 1 in Charms
  7798 | D:5      | Found a shadowy altar of Dithmenos.
  7839 | D:5      | Found a white marble altar of Elyvilon.
  7869 | D:5      | Reached skill level 10 in Conjurations
  8898 | D:5      | Reached * piety under Vehumet
  8898 | D:5      | Offered knowledge of Freeze by Vehumet.
  8987 | D:5      | Reached XP level 9. HP: 75/75 MP: 8/15
  9515 | D:7      | Found a shattered altar of Ashenzari.
  9830 | D:7      | Noticed a white ugly thing
 10125 | D:7      | Reached skill level 5 in Spellcasting
 10300 | D:7      | Noticed a cyclops
 11118 | D:8      | Offered knowledge of Sting by Vehumet.
 11150 | D:8      | Reached ** piety under Vehumet
 11314 | D:8      | Reached skill level 5 in Charms
 11348 | D:8      | Found Esesaluz's Antique Armour Shop.
 11771 | D:8      | Reached XP level 10. HP: 68/84 MP: 6/18
 13517 | D:9      | Found a snail-covered altar of Cheibriados.
 13819 | D:9      | Offered knowledge of Mephitic Cloud by Vehumet.
 13948 | D:9      | Learned a level 3 spell: Mephitic Cloud
 14780 | D:9      | Noticed a skeletal warrior
 14819 | D:9      | Noticed a skeletal warrior
 14824 | D:9      | Noticed a skeletal warrior
 15257 | D:10     | Entered Level 10 of the Dungeon
 15408 | D:10     | You fall through a shaft for 2 floors!
 15463 | D:12     | Reached *** piety under Vehumet
 15465 | D:12     | Noticed a hill giant
 15902 | D:11     | Slain by a troll

Skill      XL: |  1  2  3  4  5  6  7  8  9 10 |
---------------+-------------------------------+-----
Conjurations   | 5 6 7 8 10 | 10.0
Fighting       | 1 2 3 4 5 6 8 |  8.7
Spellcasting   | 3 4 5 |  5.9
Charms         | 2 6 8 |  8.7
Maces & Flails | |  0.2
Dodging        | |  1.7
Stealth        | |  1.7

Action                   |  1- 3 |  4- 6 |  7- 9 | 10-12 || total
-------------------------+-------+-------+-------+-------++-------
Melee: Club              |    41 |    78 |    72 |       ||   191
       Unarmed           |     3 |       |       |       ||     3
       Tailslap          |     4 |     6 |    16 |     6 ||    32
       Falchion          |       |       |   142 |   104 ||   246
 Cast: Magic Dart        |    79 |   160 |   368 |   151 ||   758
       Iskenderun's Myst |       |       |    30 |    31 ||    61
       Iskenderun's Batt |       |       |       |     6 ||     6
 Abil: Spit Acid         |       |       |     5 |     1 ||     6
  Use: Scroll            |     3 |     6 |     6 |    12 ||    27
       Potion            |       |     1 |     1 |     2 ||     4
 Stab: Sleeping          |       |       |     1 |       ||     1
  Eat: Chunk             |     3 |     4 |     7 |     2 ||    16
       Bread ration      |       |     2 |       |     1 ||     3
       Meat ration       |       |       |     2 |     1 ||     3
       Pizza             |       |       |     2 |       ||     2
       Fruit             |       |       |     3 |    11 ||    14
       Royal jelly       |       |       |     2 |       ||     2
Armor: Skin              |    22 |    57 |   130 |    98 ||   307
Dodge: Dodged            |    39 |   106 |   274 |   166 ||   585
